 Dungeon Crawl Stone Soup version 0.18-a0-801-gb01a236 (webtiles) character file.

167 JokEr the Skirmisher (level 5, -9/37 HPs)
             Began as an Octopode Fighter on Dec 14, 2015.
             Mangled by Alethiolet's ghost (16 damage)
             ... on level 4 of the Dungeon.
             The game lasted 00:06:37 (3412 turns).

JokEr the Skirmisher (Octopode Fighter)             Turns: 3412, Time: 00:06:37

Health: -9/37      AC:  1    Str: 17    XL:     5   Next: 48%
Magic:  5/5        EV: 10    Int: 10    God:
Gold:   138        SH:  8    Dex: 11    Spells: 0 memorised, 4 levels left

rFire  . . .     SeeInvis .     a - +0 war axe
rCold  . . .     Clarity  .     b - +0 shield
rNeg   . . .     SustAt   .     (helmet restricted)
rPois  .         Gourm    .     (no amulet)
rElec  .         Spirit   .     (no ring)
rCorr  .         Dismiss  .     (no ring)
rMut   .         Stasis   .     (no ring)
MR     .....                    (no ring)
Stlth  ++++......               (no ring)
                                (no ring)
                                (no ring)
                                (no ring)

@: not resistant to hostile enchantments, stealthy
A: almost no armour, amphibious, 8 rings, constrict 8, camouflage 1, gelatinous
body 1
a: no special abilities


You were on level 4 of the Dungeon.
You were not hungry.

You visited 2 branches of the dungeon, and saw 5 of its levels.

You collected 138 gold pieces.

Inventory:

Hand Weapons
 a - a +0 war axe (weapon)
Armour
 b - a +0 shield (worn)
Wands
 i - a wand of frost (27)
 k - a wand of enslavement (9)
 o - a wand of flame (28)
Scrolls
 f - 4 scrolls of identify
 n - 3 scrolls of teleportation
Potions
 c - 3 potions of might
 e - 2 potions of haste
 g - a potion of cure mutation {unknown}
 l - 3 potions of curing {unknown}
Books
 d - a book of Debilitation

   Spells                             Type                      Level
   a - Corona                         Hexes                        1
   b - Slow                           Hexes                        2
   c - Gell's Gravitas                Hexes/Translocation          3
   d - Inner Flame                    Hexes/Fire                   3
   e - Cause Fear                     Hexes                        4
   f - Leda's Liquefaction            Hexes/Earth                  4
Comestibles
 h - a beef jerky
 j - a meat ration
 m - a slice of pizza


   Skills:
 + Level 4.2 Fighting
 + Level 3.4 Axes
 - Level 3.0 Dodging
 + Level 4.0 Stealth
 - Level 3.0 Shields


You had 4 spell levels left.
You didn't know any spells.

Dungeon Overview and Level Annotations

Branches:
Dungeon (4/15)             Temple (1/1) D:4

Altars:
Ashenzari
Cheibriados
Dithmenos
Fedhas
Gozag
Kikubaaqudgha
Nemelex Xobeh
Pakellas
Qazlal
Ru
Sif Muna
Trog

Annotations:
D:4 Alethiolet's ghost, amateur DsWn; Natasha


Innate Abilities, Weirdness & Mutations

You cannot wear most types of armour.
You are amphibious.
You can wear up to eight rings at the same time.
You can use your tentacles to constrict eight enemies at once.
Your skin changes colour to match your surroundings (Stealth).
Your rubbery body absorbs attacks (AC +1).


Message History

You see here a giant newt corpse.
There is a stone staircase leading down here.
You climb downwards.
Level annotation: Alethiolet's ghost, amateur DsWn; Natasha Alethiolet's ghost tries to blend into its surroundings.
There is a stone staircase leading up here.
Your shield prevents you from hitting Alethiolet's ghost.
Your squeeze misses Alethiolet's ghost. Alethiolet's ghost closely misses you.
You miss Alethiolet's ghost. Your squeeze misses Alethiolet's ghost.
Alethiolet's ghost hits you!
Alethiolet's ghost hits you but does no damage.
You hit Alethiolet's ghost.
Alethiolet's ghost is lightly damaged.
Alethiolet's ghost hits you.
You hit Alethiolet's ghost but do no damage.
Alethiolet's ghost is lightly damaged.
Alethiolet's ghost hits you!
* * * LOW HITPOINT WARNING * * *
Alethiolet's ghost hits you!
You die...

......>........##........
...............#.........
.........................
......#>.............####
......#...<..........####
........................#
........................#
#.......W...............#
#.......@...............#
##......###.........####
##.......# .............
.........##.........####
..(......#..........#...
..........#.###+####.#...
.....###...........#.####
..... #..............
......###.................


You could see Alethiolet's ghost.

Vanquished Creatures
  Jessica (D:2)
  Natasha (D:4)
  An iguana (D:4)
  3 adders
  3 oozes
  A giant gecko (D:3)
  3 orcs (D:3)
  3 bats
  5 giant cockroaches
  2 goblins (D:1)
  6 hobgoblins
  8 jackals
  7 kobolds
  A quokka (D:3)
  A ball python (D:1)
  A giant gecko skeleton (D:4)
  2 giant newts
  5 rats
54 creatures vanquished.

Notes
Turn   | Place    | Note
--------------------------------------------------------------
     0 | D:1      | JokEr the Octopode Fighter began the quest for the Orb.
     0 | D:1      | Reached XP level 1. HP: 16/16 MP: 1/1
    94 | D:1      | Reached skill level 1 in Stealth
    94 | D:1      | Reached XP level 2. HP: 11/21 MP: 2/2
  1080 | D:2      | Found a sparkling altar of Nemelex Xobeh.
  1161 | D:2      | Found a snail-covered altar of Cheibriados.
  1236 | D:2      | Reached XP level 3. HP: 23/26 MP: 3/3
  1541 | D:2      | Noticed Jessica
  1545 | D:2      | Killed Jessica
  1545 | D:2      | Reached XP level 4. HP: 31/33 MP: 4/4
  2115 | D:3      | Found a shattered altar of Ashenzari.
  2205 | D:3      | Found a blossoming altar of Fedhas.
  2555 | D:4      | Found a staircase to the Ecumenical Temple.
  2568 | Temple   | Entered the Ecumenical Temple
  2777 | D:4      | Reached XP level 5. HP: 31/37 MP: 5/5
  2821 | D:4      | Found a stormy altar of Qazlal.
  2873 | D:4      | Noticed Natasha
  2876 | D:4      | Reached skill level 4 in Fighting
  2881 | D:4      | Killed Natasha
  2971 | D:4      | Noticed Natasha
  3193 | D:4      | Found an oddly glowing altar of Pakellas.
  3204 | D:4      | Noticed Alethiolet's ghost (amateur DsWn)
  3412 | D:4      | Mangled by Alethiolet's ghost

Vault maps used:
D:1:      elethiomel_arrival_quiet, minivault_11, minmay_misc_feat_iff,
          roderic_roman_lattice
D:2:      overflow_temple_1_default, nicolae_overflow_hidden_temple,
          uniq_jessica
D:3:      lemuel_doored_altar, marbit_many_paths
D:4:      kennysheep_mini, overflow_temple_1_default,
          johnstein_pakellas_death_squad, first_bread, uniq_natasha, uniq_pikel,
          uniq_sigmund
Temple:   hc_temple_tempest_star_small

Action                   |  1- 3 |  4- 6 || total
-------------------------+-------+-------++-------
Melee: War axe           |    44 |    51 ||    95
  Use: Scroll            |     1 |     6 ||     7
       Potion            |       |     1 ||     1
 Stab: Sleeping          |    10 |     9 ||    19
  Eat: Chunk             |     2 |     2 ||     4
       Bread ration      |       |     1 ||     1
